Marlies vs Rocket

Created - Sunday, January 26, 2025 at 23:12

Goals
1 2 3 T
Marlies 1 2 1 4
Rocket 2 1 2 5
Shots
1 2 3 T
Marlies 10 8 11 29
Rocket 9 3 12 24

1st period

1. Rocket , Michael Sgarbossa 25 (Kevin Shattenkirk 43, Travis Boyd 21) at 1:13 (PP)
2. Marlies , Joe Gambardella 9 (Brad Lambert 19, Shane Wright 28) at 7:47
3. Rocket , Peter Holland 8 (Jake Christiansen 14) at 19:13

Penalties :
Brad Lambert (TOR) for Tripping (Minor) at 0:13, Shane Wright (TOR) for Roughing (Minor) at 0:50, Matt Irwin (LAV) for Tripping (Minor) at 3:59, Jayden Struble (LAV) for Slashing (Minor) at 4:13, Anders Bjork (LAV) for Tripping (Minor) at 9:13

2nd period

4. Rocket , Jake Christiansen 10 (Anders Bjork 25, Josh Currie 9) at 7:12 (PP)
5. Marlies , Devin Shore 8 (Samu Tuomaala 11, Kyle Capobianco 28) at 9:02
6. Marlies , Denis Gurianov 14 (Cedric Pare 9, Matthew Robertson 18) at 9:46

Penalties :
Cedric Pare (TOR) for Hooking (Minor) at 0:03, Devin Shore (TOR) for High sticking (Minor) at 6:58, Phillip Di Giuseppe (LAV) for Tripping (Minor) at 11:17, Shane Wright (TOR) for Interference (Minor) at 19:45

3rd period

7. Rocket , Oskar Sundqvist 3 (Kevin Shattenkirk 44, Jayden Struble 14) at 2:25
8. Marlies , Will Bitten 11 (Layton Ahac 5) at 3:10
9. Rocket , Peter Holland 9 (Kevin Shattenkirk 45, Brett Sutter 5) at 18:56

Penalties :
Brogan Rafferty (LAV) for Hooking (Minor) at 4:21, Riley Sutter (LAV) for Slashing (Minor) at 9:48, Dysin Mayo (LAV) for Tripping (Minor) at 12:13, Kyle Capobianco (TOR) for Cross-checking (Minor) at 16:40

Goalie Stats

Jakub Dobes (TOR), 19 saves from 24 shots - (0.792), L, 11-15-2, 60:00 minutes
Chris Driedger (LAV), 25 saves from 29 shots - (0.862), W, 14-15-2, 60:00 minutes

Players Stats for Marlies

Player Name              G  A  P  +/- PIM S  H  SB GA TA FO     MP     PP MP  PK MP  
------------------------------------------------------------------------------------
Austin Poganski          0  0  0  -1  0   1  4  0  0  0  0/1    14:49   5:24   0:00 
Brad Lambert             0  1  1   1  2   3  1  0  0  0  0/0    19:27   6:05   2:25 
Callan Foote             0  0  0   1  0   0  1  1  0  0  0/0    20:53   4:58   4:12 
Cedric Pare              0  1  1   1  2   2  3  0  0  0  13/22  17:58   0:00   0:00 
Curtis Douglas           0  0  0   0  0   0  0  0  0  0  0/0     0:36   0:00   0:00 
Denis Gurianov           1  0  1   0  0   5  0  0  0  0  0/1    18:44   4:39   0:00 
Devin Shore              1  0  1  -1  2   1  1  0  0  0  8/22   17:35   5:12   2:50 
Jake Leschyshyn          0  0  0   0  0   0  0  0  0  0  0/0     0:36   0:00   0:00 
Joe Gambardella          1  0  1   1  0   3  1  0  0  0  1/4    22:46   6:44   5:04 
Kyle Capobianco          0  1  1  -1  2   1  0  4  0  0  0/0    20:57   6:12   3:23 
Layton Ahac              0  1  1   1  0   1  3  1  0  0  0/0    15:43   0:00   0:00 
Matthew Robertson        0  1  1  -1  0   3  2  0  0  0  0/0    21:56   5:17   4:35 
Michael Milne            0  0  0  -1  0   1  2  0  0  0  0/0    13:54   0:45   0:00 
Samu Tuomaala            0  1  1   0  0   1  0  0  0  0  0/0    13:06   0:00   0:00 
Shane Wright             0  1  1   1  4   4  0  0  0  0  14/21  18:35   6:44   0:54 
Steven Kampfer           0  0  0   1  0   1  2  0  0  0  0/0    15:00   1:37   1:27 
Taylor Fedun             0  0  0   1  0   1  0  2  0  0  0/0    24:18   6:12   3:57 
Will Bitten              1  0  1   2  0   1  0  0  0  0  5/12   13:51   0:51   5:57 

Players Stats for Rocket

Player Name              G  A  P  +/- PIM S  H  SB GA TA FO     MP     PP MP  PK MP  
------------------------------------------------------------------------------------
Anders Bjork             0  1  1  -2  2   1  2  0  0  0  2/3    17:15   4:40   2:24 
Austin Strand            0  0  0   0  0   0  0  0  0  0  0/0     0:00   0:00   0:00 
Brett Sutter             0  1  1   2  0   0  1  0  0  0  0/0    14:15   0:00   0:52 
Brogan Rafferty          0  0  0   0  2   1  2  0  0  0  0/0    20:24   4:21   1:19 
Dysin Mayo               0  0  0   0  2   0  2  0  0  0  0/0    15:24   0:00   0:40 
Jake Christiansen        1  1  2  -2  0   1  1  2  0  0  0/0    21:42   4:21   5:51 
Jayden Struble           0  1  1   1  2   0  2  0  0  0  0/0    22:23   4:26   5:07 
Josh Currie              0  1  1   1  0   1  0  0  0  0  5/6     4:21   0:38   0:00 
Kevin Shattenkirk        0  3  3   1  0   1  1  2  0  0  0/0    23:33   4:26   6:17 
Lucas Condotta           0  0  0   1  0   0  1  0  0  0  0/1     6:13   0:00   1:54 
Mackenzie MacEachern     0  0  0  -2  0   1  2  0  0  0  2/3    17:42   4:07   2:16 
Matt Irwin               0  0  0  -2  2   0  4  1  0  0  0/0    16:30   0:00   5:01 
Michael Sgarbossa        1  0  1  -2  0   6  0  0  0  0  11/26  20:14   4:26   4:01 
Oskar Sundqvist          1  0  1  -1  0   4  1  1  0  0  16/31  23:14   3:57   5:58 
Peter Holland            2  0  2   2  0   4  1  0  0  0  4/10   13:51   0:00   0:00 
Phillip Di Giuseppe      0  0  0  -2  2   2  5  0  0  0  0/0    20:42   4:07   4:49 
Riley Sutter             0  0  0   2  2   2  3  1  0  0  2/3    13:22   0:00   0:00 
Travis Boyd              0  1  1  -2  0   0  0  0  0  0  0/0    14:55   4:26   0:17 

3 Stars

1 - Peter Holland (LAV)
2 - Kevin Shattenkirk (LAV)
3 - Will Bitten (TOR)

Power Play

Marlies - 0 on 7 Attempt(s) - 0.00%
Rocket - 2 on 6 Attempt(s) - 33.33%

Penalty Kill

Marlies - 4 on 6 Attempt(s) - 66.67% - Score 0 goal in Penalty Kill
Rocket - 7 on 7 Attempt(s) - 100.00% - Score 0 goal in Penalty Kill

Team Stat

Marlies - Hits : 20 - Faceoff Wins : 41 - Blocked Shots : 8 - Penalty Minutes : 12
Rocket - Hits : 28 - Faceoff Wins : 42 - Blocked Shots : 7 - Penalty Minutes : 14

Official

Referees : Justin Kea and Corey Syvret
Linesman : David Brisebois and Joseph Mahon

Game Notes

No Game Note

Finance

Level 1 -- Attendance: 1953 (97.65%) -- Ticket Income $68,355
Level 2 -- Attendance: 976 (97.60%) -- Ticket Income $14,640
Total Attendance: 2929 (97.63%)
Total Ticket Income: $82,995
Other Income: $40,668
Total Income: $123,663

Marlies

5 vs 5 Forward 
   Center                   Left Wing                Right Wing               Time % Phy DF OF 
 1 Shane Wright             Joe Gambardella          Brad Lambert             25     0   2  3  
 2 Devin Shore              Denis Gurianov           Austin Poganski          25     0   3  2  
 3 Cedric Pare              Michael Milne            Samu Tuomaala            25     0   3  2  
 4 Cedric Pare              Denis Gurianov           Will Bitten              25     0   3  2  

5 vs 5 Defense 
   Defense                  Defense                                           Time % Phy DF OF 
 1 Matthew Robertson        Kyle Capobianco                                   25     1   2  2  
 2 Callan Foote             Steven Kampfer                                    25     1   2  2  
 3 Taylor Fedun             Layton Ahac                                       25     1   2  2  
 4 Matthew Robertson        Kyle Capobianco                                   25     1   2  2  

PowerPlay Forward 
   Center                   Left Wing                Right Wing               Time % Phy DF OF 
 1 Shane Wright             Joe Gambardella          Brad Lambert             60     0   1  4  
 2 Devin Shore              Denis Gurianov           Austin Poganski          40     0   1  4  

PowerPlay Defense
   Defense                  Defense                                           Time % Phy DF OF 
 1 Matthew Robertson        Callan Foote                                      60     0   2  3  
 2 Taylor Fedun             Kyle Capobianco                                   40     0   2  3  

Penalty Kill 4 Players Forward 
   Center                   Wing                     Time % Phy DF OF 
 1 Will Bitten              Joe Gambardella          60     0   4  1  
 2 Devin Shore              Brad Lambert             40     0   4  1  

Penalty Kill 4 Players Defense
   Defense                  Defense                  Time % Phy DF OF 
 1 Matthew Robertson        Taylor Fedun             60     1   4  0  
 2 Callan Foote             Kyle Capobianco          40     1   4  0  

Penalty Kill - 3 Players Forward 
   Forward                                           Time % Phy DF OF 
 1 Will Bitten                                       60     0   5  0  
 2 Devin Shore                                       40     0   5  0  

Penalty Kill - 3 Players Defense
   Defense                  Defense                  Time % Phy DF OF 
 1 Taylor Fedun             Matthew Robertson        60     0   5  0  
 2 Callan Foote             Kyle Capobianco          40     0   5  0  

4 vs 4 Forward 
   Center                   Wing                     Time % Phy DF OF 
 1 Shane Wright             Brad Lambert             60     0   3  2  
 2 Devin Shore              Denis Gurianov           40     0   3  2  

4 vs 4 Defense
   Defense                  Defense                  Time % Phy DF OF 
 1 Callan Foote             Matthew Robertson        60     0   3  2  
 2 Kyle Capobianco          Steven Kampfer           40     0   3  2  

Last Minutes Offensive
   Center                   Left Wing                Right Wing               Defense                  Defense                  
   Shane Wright             Devin Shore              Brad Lambert             Matthew Robertson        Kyle Capobianco          

Last Minutes Defensive
   Center                   Left Wing                Right Wing               Defense                  Defense                  
   Shane Wright             Denis Gurianov           Devin Shore              Steven Kampfer           Kyle Capobianco          

Goaltenders
Starting : Jakub Dobes              
Backup : Jesper Vikman            

Extra Forwards
Normal : Devin Shore, Samu Tuomaala, Brad Lambert - PP : Devin Shore, Brad Lambert - PK : Shane Wright
Extra Defensemen
Normal : Matthew Robertson, Kyle Capobianco, Callan Foote - PP : Callan Foote - PK : Kyle Capobianco, Callan Foote
Penalty Shots
Shane Wright, Brad Lambert, Devin Shore, Will Bitten, Austin Poganski
Custom OT Lines Forwards
Devin Shore, Shane Wright, Brad Lambert, Austin Poganski, Denis Gurianov, Joe Gambardella, Samu Tuomaala, Michael Milne, Will Bitten, Cedric Pare
Custom OT Lines Defensemen
Matthew Robertson, Kyle Capobianco, Taylor Fedun, Callan Foote, Steven Kampfer

Scratches
Cameron Gaunce (Healthy), Nico Myatovic (Healthy), Raivis Ansons (Healthy), Christian Kyrou (Healthy), Isaac Ratcliffe (Healthy)
Ilya Nikolayev (Healthy), Filip Johansson (Healthy), Josh Wesley (Healthy), Olivier Rodrigue (Healthy)

Rocket

5 vs 5 Forward 
   Center                   Left Wing                Right Wing               Time % Phy DF OF 
 1 Oskar Sundqvist          Anders Bjork             Travis Boyd              34     0   3  2  
 2 Michael Sgarbossa        Phillip Di Giuseppe      Mackenzie MacEachern     30     0   2  3  
 3 Peter Holland            Brett Sutter             Riley Sutter             24     1   2  2  
 4 Josh Currie              Lucas Condotta           Oskar Sundqvist          12     1   3  1  

5 vs 5 Defense 
   Defense                  Defense                                           Time % Phy DF OF 
 1 Kevin Shattenkirk        Jayden Struble                                    35     1   3  1  
 2 Matt Irwin               Jake Christiansen                                 30     1   3  1  
 3 Brogan Rafferty          Dysin Mayo                                        25     1   3  1  
 4 Kevin Shattenkirk        Jayden Struble                                    10     1   3  1  

PowerPlay Forward 
   Center                   Left Wing                Right Wing               Time % Phy DF OF 
 1 Michael Sgarbossa        Anders Bjork             Travis Boyd              60     0   0  5  
 2 Oskar Sundqvist          Phillip Di Giuseppe      Mackenzie MacEachern     40     0   0  5  

PowerPlay Defense
   Defense                  Defense                                           Time % Phy DF OF 
 1 Kevin Shattenkirk        Jayden Struble                                    60     0   2  3  
 2 Brogan Rafferty          Jake Christiansen                                 40     0   2  3  

Penalty Kill 4 Players Forward 
   Center                   Wing                     Time % Phy DF OF 
 1 Oskar Sundqvist          Phillip Di Giuseppe      60     1   4  0  
 2 Michael Sgarbossa        Anders Bjork             40     1   4  0  

Penalty Kill 4 Players Defense
   Defense                  Defense                  Time % Phy DF OF 
 1 Kevin Shattenkirk        Jayden Struble           60     1   4  0  
 2 Matt Irwin               Jake Christiansen        40     1   4  0  

Penalty Kill - 3 Players Forward 
   Forward                                           Time % Phy DF OF 
 1 Oskar Sundqvist                                   60     1   4  0  
 2 Michael Sgarbossa                                 40     1   4  0  

Penalty Kill - 3 Players Defense
   Defense                  Defense                  Time % Phy DF OF 
 1 Kevin Shattenkirk        Jayden Struble           60     1   4  0  
 2 Matt Irwin               Jake Christiansen        40     1   4  0  

4 vs 4 Forward 
   Center                   Wing                     Time % Phy DF OF 
 1 Travis Boyd              Anders Bjork             60     1   3  1  
 2 Michael Sgarbossa        Oskar Sundqvist          40     1   3  1  

4 vs 4 Defense
   Defense                  Defense                  Time % Phy DF OF 
 1 Kevin Shattenkirk        Jayden Struble           60     1   3  1  
 2 Matt Irwin               Jake Christiansen        40     1   3  1  

Last Minutes Offensive
   Center                   Left Wing                Right Wing               Defense                  Defense                  
   Oskar Sundqvist          Anders Bjork             Travis Boyd              Kevin Shattenkirk        Jayden Struble           

Last Minutes Defensive
   Center                   Left Wing                Right Wing               Defense                  Defense                  
   Michael Sgarbossa        Phillip Di Giuseppe      Oskar Sundqvist          Kevin Shattenkirk        Jayden Struble           

Goaltenders
Starting : Chris Driedger           
Backup : Antti Raanta             

Extra Forwards
Normal : Peter Holland, Lucas Condotta, Brett Sutter - PP : Josh Currie, Travis Boyd - PK : Mackenzie MacEachern
Extra Defensemen
Normal : Brogan Rafferty, Dysin Mayo, Jake Christiansen - PP : Dysin Mayo - PK : Brogan Rafferty, Dysin Mayo
Penalty Shots
Jayden Struble, Anders Bjork, Kevin Shattenkirk, Jake Christiansen, Michael Sgarbossa
Custom OT Lines Forwards
Travis Boyd, Michael Sgarbossa, Phillip Di Giuseppe, Anders Bjork, Oskar Sundqvist, Mackenzie MacEachern, Peter Holland, Lucas Condotta, Brett Sutter, Josh Currie
Custom OT Lines Defensemen
Kevin Shattenkirk, Jayden Struble, Matt Irwin, Jake Christiansen, Brogan Rafferty

Scratches
Kale Kessy (Healthy), Mark Duarte (Healthy), Tyson Feist (Healthy), Sam Bitten (Healthy), Cole Bardreau (Healthy)
Mitch McLain (Healthy)

% Time on Ice - Marlies

Lines # - Real PCT - Wanted PCT - Time Play
Normal Forward
1 - 28% - 25% - 10:58
2 - 24% - 25% - 9:25
3 - 33% - 25% - 12:49
4 - 15% - 25% - 5:53
Normal Defense
1 - 14% - 25% - 5:36
2 - 30% - 25% - 11:50
3 - 42% - 25% - 16:25
4 - 13% - 25% - 5:14
PP Forward
1 - 55% - 60% - 6:44
2 - 45% - 40% - 5:24
PP Defense
1 - 49% - 60% - 5:56
2 - 51% - 40% - 6:12
PK Forward
1 - 69% - 60% - 5:46
2 - 31% - 40% - 2:38
PK Defense
1 - 50% - 60% - 4:14
2 - 50% - 40% - 4:10
PK3 Forward
1 - 48% - 60% - 0:11
2 - 52% - 40% - 0:12
PK3 Defense
1 - 48% - 60% - 0:11
2 - 52% - 40% - 0:12
44 Forward
1 - 0% - 60%
2 - 0% - 40%
44 Defense
1 - 0% - 60%
2 - 0% - 40%
Last Minute Offensive  - 0:00
Last Minute Defensive  - 0:00
Total
Forward - 60:00
Defense - 60:00

% Time on Ice - Rocket

Lines # - Real PCT - Wanted PCT - Time Play
Normal Forward
1 - 26% - 34% - 10:12
2 - 29% - 30% - 11:19
3 - 35% - 24% - 13:23
4 - 10% - 12% - 3:43
Normal Defense
1 - 32% - 35% - 12:22
2 - 30% - 30% - 11:30
3 - 38% - 25% - 14:45
4 - 0% - 10% - 0:00
PP Forward
1 - 53% - 60% - 4:40
2 - 47% - 40% - 4:07
PP Defense
1 - 50% - 60% - 4:26
2 - 50% - 40% - 4:21
PK Forward
1 - 70% - 60% - 7:16
2 - 30% - 40% - 3:07
PK Defense
1 - 52% - 60% - 5:22
2 - 48% - 40% - 5:01
PK3 Forward
1 - 49% - 60% - 0:51
2 - 51% - 40% - 0:54
PK3 Defense
1 - 52% - 60% - 0:55
2 - 48% - 40% - 0:50
44 Forward
1 - 0% - 60%
2 - 0% - 40%
44 Defense
1 - 0% - 60%
2 - 0% - 40%
Last Minute Offensive  - 0:00
Last Minute Defensive  - 0:28
Total
Forward - 60:00
Defense - 60:00

Play-by-Play

1st period


0:01 of 1st period - Oskar Sundqvist wins face-off versus Shane Wright in neutral zone.
0:09 of 1st period - Brad Lambert is hit by Jayden Struble and loses puck.
0:13 of 1st period - Minor Penalty to Brad Lambert for Tripping.
0:14 of 1st period - Will Bitten wins face-off versus Oskar Sundqvist in Marlies zone.
0:40 of 1st period - Icing by Oskar Sundqvist.
0:41 of 1st period - Devin Shore wins face-off versus Oskar Sundqvist in Rocket zone.
0:50 of 1st period - Minor Penalty to Shane Wright for Roughing.
0:51 of 1st period - Michael Sgarbossa wins face-off versus Will Bitten in Marlies zone.
1:11 of 1st period - Shot by Kevin Shattenkirk.
1:11 of 1st period - Stopped by Jakub Dobes with a rebound.
1:13 of 1st period - Shot by Michael Sgarbossa.
1:13 of 1st period - Goal by Michael Sgarbossa - Marlies : 0 - Rocket : 1.
1:14 of 1st period - Oskar Sundqvist wins face-off versus Will Bitten in neutral zone.
2:05 of 1st period - Shot by Michael Sgarbossa.
2:05 of 1st period - Stopped by Jakub Dobes without a rebound.
2:06 of 1st period - Michael Sgarbossa wins face-off versus Will Bitten in Marlies zone.
2:33 of 1st period - Shot by Jayden Struble.
2:33 of 1st period - Shot Misses the Net.
3:01 of 1st period - Riley Sutter is hit by Michael Milne and loses puck.
3:23 of 1st period - Icing by Michael Milne.
3:24 of 1st period - Josh Currie wins face-off versus Cedric Pare in Marlies zone.
3:42 of 1st period - Icing by Matt Irwin.
3:43 of 1st period - Josh Currie wins face-off versus Devin Shore in Rocket zone.
3:43 of 1st period - Josh Currie is hit by Austin Poganski.
3:59 of 1st period - Minor Penalty to Matt Irwin for Tripping.
4:00 of 1st period - Oskar Sundqvist wins face-off versus Shane Wright in Rocket zone.
4:00 of 1st period - Oskar Sundqvist is hit by Brad Lambert.
4:09 of 1st period - Taylor Fedun is hit by Phillip Di Giuseppe and loses puck.
4:13 of 1st period - Minor Penalty to Jayden Struble for Slashing.
4:14 of 1st period - Oskar Sundqvist wins face-off versus Devin Shore in Rocket zone.
4:25 of 1st period - Shot by Devin Shore.
4:25 of 1st period - Deflect By Denis Gurianov.
4:25 of 1st period - Stopped by Chris Driedger without a rebound.
4:26 of 1st period - Oskar Sundqvist wins face-off versus Joe Gambardella in Rocket zone.
4:41 of 1st period - Shot by Shane Wright.
4:41 of 1st period - Stopped by Chris Driedger with a rebound.
4:43 of 1st period - Shot by Shane Wright.
4:43 of 1st period - Shot Misses the Net.
4:45 of 1st period - Shot by Brad Lambert.
4:45 of 1st period - Stopped by Chris Driedger without a rebound.
4:46 of 1st period - Michael Sgarbossa wins face-off versus Devin Shore in Rocket zone.
4:54 of 1st period - Icing by Denis Gurianov.
4:55 of 1st period - Oskar Sundqvist wins face-off versus Devin Shore in Marlies zone.
5:02 of 1st period - Shot by Brogan Rafferty.
5:02 of 1st period - Shot Blocked by Taylor Fedun.
5:04 of 1st period - Shot by Brogan Rafferty.
5:04 of 1st period - Shot Blocked by Kyle Capobianco.
6:07 of 1st period - Shot by Shane Wright.
6:07 of 1st period - Stopped by Chris Driedger without a rebound.
6:08 of 1st period - Shane Wright wins face-off versus Oskar Sundqvist in Rocket zone.
6:17 of 1st period - Shot by Joe Gambardella.
6:17 of 1st period - Shot Misses the Net.
6:26 of 1st period - Samu Tuomaala is hit by Kevin Shattenkirk and loses puck.
6:32 of 1st period - Off-side.
6:33 of 1st period - Michael Sgarbossa wins face-off versus Cedric Pare in neutral zone.
6:46 of 1st period - Shot by Mackenzie MacEachern.
6:46 of 1st period - Deflect By Michael Sgarbossa.
6:46 of 1st period - Shot Blocked by Kyle Capobianco.
7:32 of 1st period - Kyle Capobianco is hit by Jake Christiansen and loses puck.
7:47 of 1st period - Shot by Joe Gambardella.
7:47 of 1st period - Goal by Joe Gambardella - Marlies : 1 - Rocket : 1.
7:48 of 1st period - Riley Sutter wins face-off versus Shane Wright in neutral zone.
7:48 of 1st period - Riley Sutter is hit by Joe Gambardella.
8:23 of 1st period - Shot by Joe Gambardella.
8:23 of 1st period - Shot Misses the Net.
8:36 of 1st period - Icing by Joe Gambardella.
8:37 of 1st period - Michael Sgarbossa wins face-off versus Shane Wright in Marlies zone.
8:37 of 1st period - Michael Sgarbossa is hit by Layton Ahac.
9:01 of 1st period - Shot by Michael Sgarbossa.
9:01 of 1st period - Shot Misses the Net.
9:03 of 1st period - Shot by Mackenzie MacEachern.
9:03 of 1st period - Stopped by Jakub Dobes without a rebound.
9:04 of 1st period - Oskar Sundqvist wins face-off versus Denis Gurianov in Marlies zone.
9:11 of 1st period - Shot by Oskar Sundqvist.
9:11 of 1st period - Stopped by Jakub Dobes without a rebound.
9:12 of 1st period - Cedric Pare wins face-off versus Oskar Sundqvist in Marlies zone.
9:12 of 1st period - Cedric Pare is hit by Anders Bjork.
9:13 of 1st period - Minor Penalty to Anders Bjork for Tripping.
9:14 of 1st period - Oskar Sundqvist wins face-off versus Devin Shore in Rocket zone.
9:47 of 1st period - Shot by Devin Shore.
9:47 of 1st period - Shot Blocked by Jake Christiansen.
10:58 of 1st period - Shot by Devin Shore.
10:58 of 1st period - Shot Misses the Net.
11:00 of 1st period - Shot by Matthew Robertson.
11:00 of 1st period - Stopped by Chris Driedger without a rebound.
11:01 of 1st period - Will Bitten wins face-off versus Michael Sgarbossa in Rocket zone.
11:01 of 1st period - Will Bitten is hit by Jayden Struble.
11:11 of 1st period - Shot by Austin Poganski.
11:11 of 1st period - Shot Misses the Net.
11:19 of 1st period - Shot by Steven Kampfer.
11:19 of 1st period - Stopped by Chris Driedger without a rebound.
11:20 of 1st period - Peter Holland wins face-off versus Cedric Pare in Rocket zone.
11:20 of 1st period - Peter Holland is hit by Cedric Pare.
11:40 of 1st period - Shot by Samu Tuomaala.
11:40 of 1st period - Stopped by Chris Driedger without a rebound.
11:41 of 1st period - Oskar Sundqvist wins face-off versus Cedric Pare in Rocket zone.
11:41 of 1st period - Oskar Sundqvist is hit by Cedric Pare.
12:01 of 1st period - Shot by Cedric Pare.
12:01 of 1st period - Stopped by Chris Driedger without a rebound.
12:02 of 1st period - Michael Sgarbossa wins face-off versus Joe Gambardella in Rocket zone.
12:06 of 1st period - Kevin Shattenkirk is hit by Layton Ahac and loses puck.
12:23 of 1st period - Shot by Michael Sgarbossa.
12:23 of 1st period - Shot Misses the Net.
12:25 of 1st period - Shot by Phillip Di Giuseppe.
12:25 of 1st period - Stopped by Jakub Dobes with a rebound.
12:29 of 1st period - Shot by Michael Sgarbossa.
12:29 of 1st period - Stopped by Jakub Dobes without a rebound.
12:30 of 1st period - Cedric Pare wins face-off versus Peter Holland in Marlies zone.
12:53 of 1st period - Shot by Peter Holland.
12:53 of 1st period - Shot Misses the Net.
13:09 of 1st period - Icing by Steven Kampfer.
13:10 of 1st period - Cedric Pare wins face-off versus Oskar Sundqvist in Marlies zone.
13:20 of 1st period - Icing by Kevin Shattenkirk.
13:21 of 1st period - Oskar Sundqvist wins face-off versus Devin Shore in Rocket zone.
13:43 of 1st period - Shot by Anders Bjork.
13:43 of 1st period - Deflect By Travis Boyd.
13:43 of 1st period - Shot Blocked by Kyle Capobianco.
13:45 of 1st period - Shot by Jayden Struble.
13:45 of 1st period - Deflect By Anders Bjork.
13:45 of 1st period - Shot Blocked by Kyle Capobianco.
15:18 of 1st period - Shot by Riley Sutter.
15:18 of 1st period - Shot Blocked by Callan Foote.
15:22 of 1st period - Shot by Riley Sutter.
15:22 of 1st period - Shot Misses the Net.
15:32 of 1st period - Shot by Brett Sutter.
15:32 of 1st period - Shot Misses the Net.
16:42 of 1st period - Shot by Anders Bjork.
16:42 of 1st period - Shot Misses the Net.
17:09 of 1st period - Devin Shore is hit by Matt Irwin.
17:23 of 1st period - Shot by Denis Gurianov.
17:23 of 1st period - Shot Misses the Net.
17:25 of 1st period - Shot by Kyle Capobianco.
17:25 of 1st period - Stopped by Chris Driedger without a rebound.
17:26 of 1st period - Shane Wright wins face-off versus Michael Sgarbossa in Rocket zone.
17:33 of 1st period - Icing by Phillip Di Giuseppe.
17:34 of 1st period - Shane Wright wins face-off versus Michael Sgarbossa in Rocket zone.
18:43 of 1st period - Shot by Oskar Sundqvist.
18:43 of 1st period - Stopped by Jakub Dobes without a rebound.
18:44 of 1st period - Devin Shore wins face-off versus Peter Holland in Marlies zone.
18:44 of 1st period - Devin Shore is hit by Riley Sutter.
18:56 of 1st period - Devin Shore is hit by Matt Irwin and loses puck.
19:13 of 1st period - Shot by Peter Holland.
19:13 of 1st period - Goal by Peter Holland - Marlies : 1 - Rocket : 2.
19:14 of 1st period - Shane Wright wins face-off versus Michael Sgarbossa in neutral zone.
19:14 of 1st period - Shane Wright is hit by Mackenzie MacEachern.
19:25 of 1st period - Icing by Layton Ahac.
19:26 of 1st period - Oskar Sundqvist wins face-off versus Shane Wright in Marlies zone.
Goals for this period are 1 for Marlies vs 2 for Rocket.
Shots for this period are 10 for Marlies vs 9 for Rocket.

2nd period


0:01 of 2nd period - Oskar Sundqvist wins face-off versus Cedric Pare in neutral zone.
0:03 of 2nd period - Minor Penalty to Cedric Pare for Hooking.
0:04 of 2nd period - Will Bitten wins face-off versus Michael Sgarbossa in Marlies zone.
0:37 of 2nd period - Shot by Michael Sgarbossa.
0:37 of 2nd period - Shot Misses the Net.
0:39 of 2nd period - Shot by Michael Sgarbossa.
0:39 of 2nd period - Shot Blocked by Taylor Fedun.
2:10 of 2nd period - Icing by Layton Ahac.
2:11 of 2nd period - Peter Holland wins face-off versus Cedric Pare in Marlies zone.
2:41 of 2nd period - Icing by Jake Christiansen.
2:42 of 2nd period - Devin Shore wins face-off versus Peter Holland in Rocket zone.
2:42 of 2nd period - Denis Gurianov is hit by Matt Irwin and loses puck.
3:23 of 2nd period - Oskar Sundqvist is hit by Steven Kampfer and loses puck.
3:32 of 2nd period - Shot by Shane Wright.
3:32 of 2nd period - Stopped by Chris Driedger without a rebound.
3:33 of 2nd period - Michael Sgarbossa wins face-off versus Cedric Pare in Rocket zone.
3:33 of 2nd period - Michael Sgarbossa is hit by Cedric Pare.
3:46 of 2nd period - Icing by Jayden Struble.
3:47 of 2nd period - Shane Wright wins face-off versus Michael Sgarbossa in Rocket zone.
4:16 of 2nd period - Shot by Michael Sgarbossa.
4:16 of 2nd period - Stopped by Jakub Dobes with a rebound.
5:38 of 2nd period - Shot by Denis Gurianov.
5:38 of 2nd period - Shot Misses the Net.
5:44 of 2nd period - Shot by Cedric Pare.
5:44 of 2nd period - Deflect By Denis Gurianov.
5:44 of 2nd period - Stopped by Chris Driedger without a rebound.
5:45 of 2nd period - Michael Sgarbossa wins face-off versus Devin Shore in Rocket zone.
5:55 of 2nd period - Shot by Austin Poganski.
5:55 of 2nd period - Shot Blocked by Kevin Shattenkirk.
5:57 of 2nd period - Shot by Austin Poganski.
5:57 of 2nd period - Stopped by Chris Driedger with a rebound.
6:16 of 2nd period - Devin Shore is hit by Phillip Di Giuseppe and loses puck.
6:45 of 2nd period - Phillip Di Giuseppe is hit by Devin Shore.
6:58 of 2nd period - Minor Penalty to Devin Shore for High sticking.
6:59 of 2nd period - Josh Currie wins face-off versus Will Bitten in Marlies zone.
7:12 of 2nd period - Shot by Jake Christiansen.
7:12 of 2nd period - Goal by Jake Christiansen - Marlies : 1 - Rocket : 3.
7:13 of 2nd period - Cedric Pare wins face-off versus Peter Holland in neutral zone.
7:28 of 2nd period - Cedric Pare is hit by Riley Sutter and loses puck.
7:47 of 2nd period - Shot by Michael Milne.
7:47 of 2nd period - Shot Blocked by Riley Sutter.
8:45 of 2nd period - Shot by Will Bitten.
8:45 of 2nd period - Deflect By Cedric Pare.
8:45 of 2nd period - Stopped by Chris Driedger without a rebound.
8:46 of 2nd period - Anders Bjork wins face-off versus Austin Poganski in Rocket zone.
8:46 of 2nd period - Anders Bjork is hit by Austin Poganski.
8:54 of 2nd period - Shot by Matthew Robertson.
8:54 of 2nd period - Shot Misses the Net.
9:02 of 2nd period - Shot by Devin Shore.
9:02 of 2nd period - Goal by Devin Shore - Marlies : 2 - Rocket : 3.
9:03 of 2nd period - Shane Wright wins face-off versus Michael Sgarbossa in neutral zone.
9:44 of 2nd period - Shot by Cedric Pare.
9:44 of 2nd period - Shot Misses the Net.
9:46 of 2nd period - Shot by Cedric Pare.
9:46 of 2nd period - Deflect By Denis Gurianov.
9:46 of 2nd period - Goal by Denis Gurianov - Marlies : 3 - Rocket : 3.
9:47 of 2nd period - Cedric Pare wins face-off versus Oskar Sundqvist in neutral zone.
9:47 of 2nd period - Samu Tuomaala is hit by Oskar Sundqvist and loses puck.
10:10 of 2nd period - Oskar Sundqvist is hit by Michael Milne and loses puck.
10:17 of 2nd period - Icing by Michael Milne.
10:18 of 2nd period - Cedric Pare wins face-off versus Lucas Condotta in Marlies zone.
10:18 of 2nd period - Cedric Pare is hit by Lucas Condotta.
10:35 of 2nd period - Icing by Oskar Sundqvist.
10:36 of 2nd period - Josh Currie wins face-off versus Devin Shore in Rocket zone.
10:48 of 2nd period - Icing by Austin Poganski.
10:49 of 2nd period - Michael Sgarbossa wins face-off versus Devin Shore in Marlies zone.
10:55 of 2nd period - Mackenzie MacEachern is hit by Matthew Robertson and loses puck.
11:17 of 2nd period - Minor Penalty to Phillip Di Giuseppe for Tripping.
11:18 of 2nd period - Shane Wright wins face-off versus Oskar Sundqvist in Rocket zone.
11:32 of 2nd period - Shot by Shane Wright.
11:32 of 2nd period - Stopped by Chris Driedger without a rebound.
11:33 of 2nd period - Shane Wright wins face-off versus Oskar Sundqvist in Rocket zone.
11:58 of 2nd period - Shot by Brad Lambert.
11:58 of 2nd period - Stopped by Chris Driedger with a rebound.
13:18 of 2nd period - Brad Lambert is hit by Mackenzie MacEachern and loses puck.
13:49 of 2nd period - Phillip Di Giuseppe is hit by Callan Foote and loses puck.
15:12 of 2nd period - Shot by Denis Gurianov.
15:12 of 2nd period - Shot Misses the Net.
16:20 of 2nd period - Dysin Mayo is hit by Austin Poganski.
16:26 of 2nd period - Icing by Michael Sgarbossa.
16:27 of 2nd period - Shane Wright wins face-off versus Mackenzie MacEachern in Rocket zone.
16:27 of 2nd period - Shane Wright is hit by Brogan Rafferty.
16:32 of 2nd period - Icing by Brogan Rafferty.
16:33 of 2nd period - Cedric Pare wins face-off versus Michael Sgarbossa in Rocket zone.
16:33 of 2nd period - Kyle Capobianco is hit by Dysin Mayo and loses puck.
17:27 of 2nd period - Icing by Jake Christiansen.
17:28 of 2nd period - Joe Gambardella wins face-off versus Oskar Sundqvist in Rocket zone.
18:31 of 2nd period - Shot by Peter Holland.
18:31 of 2nd period - Stopped by Jakub Dobes without a rebound.
18:32 of 2nd period - Cedric Pare wins face-off versus Peter Holland in Marlies zone.
18:32 of 2nd period - Cedric Pare is hit by Riley Sutter.
18:44 of 2nd period - Will Bitten is hit by Peter Holland and loses puck.
19:45 of 2nd period - Minor Penalty to Shane Wright for Interference.
19:46 of 2nd period - Michael Sgarbossa wins face-off versus Joe Gambardella in Marlies zone.
Goals for this period are 2 for Marlies vs 1 for Rocket.
Shots for this period are 8 for Marlies vs 3 for Rocket.

3rd period


0:01 of 3rd period - Will Bitten wins face-off versus Michael Sgarbossa in neutral zone.
0:12 of 3rd period - Shot by Joe Gambardella.
0:12 of 3rd period - Stopped by Chris Driedger without a rebound.
0:13 of 3rd period - Will Bitten wins face-off versus Oskar Sundqvist in Rocket zone.
0:21 of 3rd period - Will Bitten is hit by Brogan Rafferty and loses puck.
1:32 of 3rd period - Shot by Michael Sgarbossa.
1:32 of 3rd period - Stopped by Jakub Dobes without a rebound.
1:33 of 3rd period - Devin Shore wins face-off versus Oskar Sundqvist in Marlies zone.
1:33 of 3rd period - Devin Shore is hit by Phillip Di Giuseppe.
1:49 of 3rd period - Shot by Peter Holland.
1:49 of 3rd period - Shot Misses the Net.
1:51 of 3rd period - Shot by Brett Sutter.
1:51 of 3rd period - Shot Blocked by Layton Ahac.
2:00 of 3rd period - Shot by Brett Sutter.
2:00 of 3rd period - Shot Misses the Net.
2:02 of 3rd period - Shot by Riley Sutter.
2:02 of 3rd period - Stopped by Jakub Dobes without a rebound.
2:03 of 3rd period - Devin Shore wins face-off versus Josh Currie in Marlies zone.
2:25 of 3rd period - Shot by Oskar Sundqvist.
2:25 of 3rd period - Goal by Oskar Sundqvist - Marlies : 3 - Rocket : 4.
2:26 of 3rd period - Cedric Pare wins face-off versus Peter Holland in neutral zone.
2:36 of 3rd period - Off-side.
2:37 of 3rd period - Cedric Pare wins face-off versus Michael Sgarbossa in neutral zone.
2:37 of 3rd period - Cedric Pare is hit by Phillip Di Giuseppe.
3:10 of 3rd period - Shot by Will Bitten.
3:10 of 3rd period - Goal by Will Bitten - Marlies : 4 - Rocket : 4.
3:11 of 3rd period - Shane Wright wins face-off versus Anders Bjork in neutral zone.
4:03 of 3rd period - Off-side.
4:04 of 3rd period - Devin Shore wins face-off versus Michael Sgarbossa in neutral zone.
4:04 of 3rd period - Devin Shore is hit by Phillip Di Giuseppe.
4:13 of 3rd period - Denis Gurianov is hit by Dysin Mayo and loses puck.
4:21 of 3rd period - Minor Penalty to Brogan Rafferty for Hooking.
4:22 of 3rd period - Shane Wright wins face-off versus Oskar Sundqvist in Rocket zone.
4:22 of 3rd period - Shane Wright is hit by Matt Irwin.
5:03 of 3rd period - Shot by Kyle Capobianco.
5:03 of 3rd period - Shot Blocked by Jake Christiansen.
5:28 of 3rd period - Shot by Taylor Fedun.
5:28 of 3rd period - Stopped by Chris Driedger with a rebound.
5:30 of 3rd period - Shot by Devin Shore.
5:30 of 3rd period - Shot Misses the Net.
5:49 of 3rd period - Shot by Matthew Robertson.
5:49 of 3rd period - Stopped by Chris Driedger without a rebound.
5:50 of 3rd period - Oskar Sundqvist wins face-off versus Devin Shore in Rocket zone.
5:50 of 3rd period - Oskar Sundqvist is hit by Austin Poganski.
6:29 of 3rd period - Shot by Michael Milne.
6:29 of 3rd period - Stopped by Chris Driedger without a rebound.
6:30 of 3rd period - Riley Sutter wins face-off versus Cedric Pare in Rocket zone.
7:30 of 3rd period - Shot by Brad Lambert.
7:30 of 3rd period - Stopped by Chris Driedger with a rebound.
7:44 of 3rd period - Shot by Oskar Sundqvist.
7:44 of 3rd period - Stopped by Jakub Dobes without a rebound.
7:45 of 3rd period - Cedric Pare wins face-off versus Michael Sgarbossa in Marlies zone.
8:08 of 3rd period - Shot by Denis Gurianov.
8:08 of 3rd period - Stopped by Chris Driedger with a rebound.
8:55 of 3rd period - Shot by Lucas Condotta.
8:55 of 3rd period - Shot Misses the Net.
8:57 of 3rd period - Shot by Josh Currie.
8:57 of 3rd period - Stopped by Jakub Dobes without a rebound.
8:58 of 3rd period - Peter Holland wins face-off versus Shane Wright in Marlies zone.
9:05 of 3rd period - Shot by Riley Sutter.
9:05 of 3rd period - Stopped by Jakub Dobes without a rebound.
9:06 of 3rd period - Peter Holland wins face-off versus Shane Wright in Marlies zone.
9:48 of 3rd period - Minor Penalty to Riley Sutter for Slashing.
9:49 of 3rd period - Oskar Sundqvist wins face-off versus Devin Shore in Rocket zone.
10:43 of 3rd period - Shot by Brad Lambert.
10:43 of 3rd period - Shot Blocked by Kevin Shattenkirk.
11:07 of 3rd period - Shot by Denis Gurianov.
11:07 of 3rd period - Stopped by Chris Driedger without a rebound.
11:08 of 3rd period - Devin Shore wins face-off versus Michael Sgarbossa in Rocket zone.
11:23 of 3rd period - Shot by Matthew Robertson.
11:23 of 3rd period - Stopped by Chris Driedger with a rebound.
11:25 of 3rd period - Shot by Steven Kampfer.
11:25 of 3rd period - Shot Misses the Net.
11:27 of 3rd period - Shot by Steven Kampfer.
11:27 of 3rd period - Shot Blocked by Matt Irwin.
11:29 of 3rd period - Shot by Devin Shore.
11:29 of 3rd period - Shot Misses the Net.
11:31 of 3rd period - Shot by Steven Kampfer.
11:31 of 3rd period - Shot Misses the Net.
11:33 of 3rd period - Shot by Austin Poganski.
11:33 of 3rd period - Shot Misses the Net.
11:35 of 3rd period - Shot by Steven Kampfer.
11:35 of 3rd period - Shot Misses the Net.
11:37 of 3rd period - Shot by Steven Kampfer.
11:37 of 3rd period - Shot Misses the Net.
11:52 of 3rd period - Kyle Capobianco is hit by Brett Sutter and loses puck.
12:08 of 3rd period - Shot by Samu Tuomaala.
12:08 of 3rd period - Shot Misses the Net.
12:10 of 3rd period - Shot by Layton Ahac.
12:10 of 3rd period - Stopped by Chris Driedger with a rebound.
12:12 of 3rd period - Shot by Michael Milne.
12:12 of 3rd period - Shot Misses the Net.
12:13 of 3rd period - Minor Penalty to Dysin Mayo for Tripping.
12:14 of 3rd period - Shane Wright wins face-off versus Oskar Sundqvist in Rocket zone.
12:46 of 3rd period - Icing by Callan Foote.
12:47 of 3rd period - Shane Wright wins face-off versus Michael Sgarbossa in Marlies zone.
13:03 of 3rd period - Icing by Devin Shore.
13:04 of 3rd period - Devin Shore wins face-off versus Oskar Sundqvist in Marlies zone.
13:39 of 3rd period - Shot by Joe Gambardella.
13:39 of 3rd period - Stopped by Chris Driedger with a rebound.
14:01 of 3rd period - Shot by Will Bitten.
14:01 of 3rd period - Shot Blocked by Oskar Sundqvist.
14:20 of 3rd period - Icing by Dysin Mayo.
14:21 of 3rd period - Cedric Pare wins face-off versus Riley Sutter in Rocket zone.
14:36 of 3rd period - Shot by Peter Holland.
14:36 of 3rd period - Shot Misses the Net.
14:38 of 3rd period - Shot by Brogan Rafferty.
14:38 of 3rd period - Stopped by Jakub Dobes without a rebound.
14:39 of 3rd period - Oskar Sundqvist wins face-off versus Devin Shore in Marlies zone.
14:39 of 3rd period - Oskar Sundqvist is hit by Matthew Robertson.
15:20 of 3rd period - Icing by Taylor Fedun.
15:21 of 3rd period - Cedric Pare wins face-off versus Michael Sgarbossa in Marlies zone.
15:23 of 3rd period - Icing by Michael Milne.
15:24 of 3rd period - Mackenzie MacEachern wins face-off versus Cedric Pare in Marlies zone.
15:24 of 3rd period - Mackenzie MacEachern is hit by Layton Ahac.
16:19 of 3rd period - Shot by Peter Holland.
16:19 of 3rd period - Stopped by Jakub Dobes without a rebound.
16:20 of 3rd period - Shane Wright wins face-off versus Oskar Sundqvist in Marlies zone.
16:26 of 3rd period - Joe Gambardella is hit by Anders Bjork and loses puck.
16:40 of 3rd period - Minor Penalty to Kyle Capobianco for Cross-checking.
16:41 of 3rd period - Anders Bjork wins face-off versus Will Bitten in Marlies zone.
16:58 of 3rd period - Shot by Michael Sgarbossa.
16:58 of 3rd period - Shot Misses the Net.
17:07 of 3rd period - Anders Bjork is hit by Steven Kampfer and loses puck.
18:04 of 3rd period - Shot by Anders Bjork.
18:04 of 3rd period - Stopped by Jakub Dobes without a rebound.
18:05 of 3rd period - Josh Currie wins face-off versus Will Bitten in Marlies zone.
18:12 of 3rd period - Shot by Phillip Di Giuseppe.
18:12 of 3rd period - Shot Misses the Net.
18:14 of 3rd period - Shot by Phillip Di Giuseppe.
18:14 of 3rd period - Stopped by Jakub Dobes without a rebound.
18:15 of 3rd period - Michael Sgarbossa wins face-off versus Will Bitten in Marlies zone.
18:22 of 3rd period - Shot by Michael Sgarbossa.
18:22 of 3rd period - Stopped by Jakub Dobes without a rebound.
18:23 of 3rd period - Mackenzie MacEachern wins face-off versus Devin Shore in Marlies zone.
18:56 of 3rd period - Shot by Peter Holland.
18:56 of 3rd period - Goal by Peter Holland - Marlies : 4 - Rocket : 5.
18:57 of 3rd period - Oskar Sundqvist wins face-off versus Devin Shore in neutral zone.
Goals for this period are 1 for Marlies vs 2 for Rocket.
Shots for this period are 11 for Marlies vs 12 for Rocket.